[Event "Titled Tuesday Blitz August 08 Early 2023"]
[White "Maluco_do_Natal_00"]
[Black "McLaren, Brian"]
[BlackFideId "2604612"]
[WhiteElo "2062"]
[BlackElo "2282"]
[Result "1-0"]
[Round "4"]
[TimeControl "180+1"]
[Date "2023.08.08"]
[WhiteClock "0:00:27"]
[BlackClock "0:00:19"]
[Board "252"]

1. e4 g6 2. d4 Bg7 3. Nf3 d6 4. c4 Nf6 5. Nc3 O-O 6. h3 c5 7. d5 a6 8. Bf4 Bd7 9. Bd3 b5 10. O-O bxc4 11. Bxc4 Bb5 12. Qd3 Bxc4 13. Qxc4 Nbd7 14. Rfe1 Nb6 15. Qd3 Nfd7 16. e5 dxe5 17. Nxe5 Nxe5 18. Bxe5 Bxe5 19. Rxe5 Qd6 20. Rae1 Rfe8 21. b3 Rad8 22. Qxa6 Qc7 23. d6 Rxd6 24. Nb5 Qc8 25. Qxc8 Nxc8 26. Nxd6 Nxd6 27. Rxe7 Ra8 28. Rd7 Nf5 29. Rc1 Rxa2 30. Rxc5 Kg7 31. Rcc7 Nh6 32. g4 Ra5 33. b4 Rb5 34. Rb7 Re5 35. b5 g5 36. b6 1-0


[Site "https://www.chess.com"]

[Event "Titled Tuesday Blitz August 08 Early 2023"]
[White "Szente Varga, Fruzsina"]
[Black "Mangialardo, Tiago Carvalho"]
[WhiteFideId "712264"]
[BlackFideId "2130718"]
[WhiteElo "2281"]
[BlackElo "2062"]
[Result "0-1"]
[Round "4"]
[TimeControl "180+1"]
[Date "2023.08.08"]
[WhiteClock "0:01:07"]
[BlackClock "0:00:04"]
[Board "253"]

1. e4 Nf6 2. e5 Nd5 3. Bc4 Nb6 4. Bb3 d6 5. Qh5 g6 6. Qf3 e6 7. exd6 Bxd6 8. Ne2 N8d7 9. d4 Qf6 10. Qxf6 Nxf6 11. Bh6 Rg8 12. Nd2 Bd7 13. Bg5 Be7 14. O-O-O a5 15. Nc4 Nbd5 16. a4 Ne4 17. Bxe7 Kxe7 18. Rhf1 c6 19. f3 Nef6 20. Ne5 b5 21. Nc3 Nxc3 22. bxc3 Nd5 23. Kd2 f6 24. Nxd7 Kxd7 25. axb5 cxb5 26. c4 a4 27. cxd5 axb3 28. dxe6+ Kxe6 29. cxb3 Ra2+ 30. Kd3 Rxg2 31. Rfe1+ Kd6 32. Rd2 Rxd2+ 33. Kxd2 Ra8 34. Kc3 Ra2 35. h4 Rf2 36. Re3 Rh2 37. Re4 Rh3 38. Rf4 f5 39. Kb4 Kc6 40. Ka5 Rh2 41. d5+ Kc5 42. b4+ Kxd5 43. Kxb5 Rc2 44. h5 Ke5 45. Rh4 g5 46. Rh1 Rc3 47. Kb6 Rxf3 48. b5 Rb3 49. Kc5 g4 50. b6 f4 51. Re1+ Kf5 52. Kc6 g3 53. b7 f3 54. Rc1 f2 55. Rc5+ Kf4 56. Rb5 Rxb5 57. Kxb5 f1=Q+ 58. Kc6 Qf3+ 59. Kc7 Qxb7+ 60. Kxb7 g2 61. Kc6 g1=Q 62. Kd6 Qg5 63. Ke6 Qxh5 64. Kf6 Qg6+ 65. Ke7 Ke5 66. Kf8 Qf6+ 67. Kg8 h5 68. Kh7 Ke6 69. Kg8 Qe7 70. Kh8 Kf6 71. Kg8 Qg7# 0-1


[Site "https://www.chess.com"]

[Event "Titled Tuesday Blitz August 08 Early 2023"]
[White "GAO"]
[Black "Nikulina, Alena"]
[BlackFideId "4172051"]
[WhiteElo "2277"]
[BlackElo "2052"]
[Result "1-0"]
[Round "4"]
[TimeControl "180+1"]
[Date "2023.08.08"]
[WhiteClock "0:02:21"]
[BlackClock "0:00:34"]
[Board "254"]

1. a3 d5 2. c4 c6 3. Nf3 Nf6 4. e3 e6 5. Nc3 Be7 6. b4 dxc4 7. Bxc4 O-O 8. d4 Nd5 9. Qc2 Nd7 10. h4 N7b6 11. Bd3 h6 12. Ne4 Nf6 13. g4 Nxe4 14. Bxe4 f5 15. Bd3 fxg4 16. Ne5 Bxh4 17. Bh7+ Kh8 18. Rxh4 Rf5 19. Bxf5 exf5 20. Nf7+ 1-0


[Site "https://www.chess.com"]

[Event "Titled Tuesday Blitz August 08 Early 2023"]
[White "Osiecki, Stanislaw"]
[Black "Tqebuchava, Zurab"]
[WhiteFideId "1102990"]
[BlackFideId "13601113"]
[WhiteElo "2007"]
[BlackElo "2258"]
[Result "0-1"]
[Round "4"]
[TimeControl "180+1"]
[Date "2023.08.08"]
[WhiteClock "0:00:01"]
[BlackClock "0:00:10"]
[Board "255"]

1. e4 d6 2. d4 Nf6 3. Nc3 Nbd7 4. Bc4 Nb6 5. Bb3 e6 6. f4 Be7 7. Nf3 O-O 8. O-O c5 9. dxc5 dxc5 10. Qe2 Qc7 11. Nb5 Qc6 12. e5 Nfd5 13. Bxd5 exd5 14. Nc3 Be6 15. Ng5 Bxg5 16. fxg5 d4 17. Ne4 Bc4 18. Qg4 Bxf1 19. Kxf1 Qe6 20. Qg3 Qf5+ 21. Nf2 Qxc2 22. Bf4 Nd5 23. Kg1 Rfe8 24. Rf1 Ne3 25. Bxe3 dxe3 26. Qxe3 Qxb2 27. Ng4 Qd4 28. Qxd4 cxd4 29. Rd1 Rad8 30. Kf2 Rd5 31. Kf3 Red8 32. Rd3 Ra5 33. a3 Rc5 34. Ke4 b5 35. Rxd4 Rxd4+ 36. Kxd4 Rc2 37. Ne3 Ra2 38. Kc5 Rxa3 39. Nd5 Rb3 40. Ne7+ Kf8 41. Nc6 a6 42. Kb6 Rb2 43. Kxa6 Rxg2 44. Kxb5 Rxh2 45. Kc5 Rg2 46. Nd4 Rxg5 47. Kd6 Rg4 48. Nf3 Rg3 49. Nh4 Rg4 50. Nf5 h5 51. e6 Rg6 52. Nd4 Rxe6+ 53. Nxe6+ fxe6 54. Kxe6 h4 55. Kf5 g5 0-1


[Site "https://www.chess.com"]

[Event "Titled Tuesday Blitz August 08 Early 2023"]
[White "Wisniowski, Natalie"]
[Black "Miguelitro69"]
[WhiteFideId "30929261"]
[WhiteElo "1995"]
[BlackElo "2255"]
[Result "1-0"]
[Round "4"]
[TimeControl "180+1"]
[Date "2023.08.08"]
[WhiteClock "0:00:03"]
[BlackClock "0:00:00"]
[Board "256"]

1. e4 c5 2. d4 cxd4 3. c3 dxc3 4. Nxc3 a6 5. Nf3 e6 6. Be2 Ne7 7. O-O Ng6 8. Be3 Be7 9. Rc1 O-O 10. Na4 Nc6 11. Nd4 b5 12. Nxc6 dxc6 13. Nb6 Rb8 14. Rxc6 Bb7 15. Rc2 Bxe4 16. Rd2 Bd5 17. Nxd5 exd5 18. Rxd5 Qa5 19. Qb3 Bf6 20. Rfd1 Ne7 21. Rd7 Nf5 22. Bf4 Rbc8 23. Bg4 Nd4 24. Qh3 Rc4 25. b3 Rc2 26. Bf5 g6 27. Bxc2 Nxc2 28. Bh6 Re8 29. g3 Qxa2 30. Qg4 Qxb3 31. Qf4 1-0


[Site "https://www.chess.com"]

[Event "Titled Tuesday Blitz August 08 Early 2023"]
[White "Tharushi, T H D Niklesha"]
[Black "Stangl, Anita, Dr."]
[WhiteFideId "9918264"]
[BlackFideId "4608801"]
[WhiteElo "1991"]
[BlackElo "2248"]
[Result "1-0"]
[Round "4"]
[TimeControl "180+1"]
[Date "2023.08.08"]
[WhiteClock "0:01:12"]
[BlackClock "0:00:53"]
[Board "257"]

1. e4 e6 2. d4 d5 3. Nc3 Nf6 4. exd5 exd5 5. Bd3 Nc6 6. Nge2 Bg4 7. f3 Bh5 8. a3 Bd6 9. O-O O-O 10. Bf4 Bxf4 11. Nxf4 Nxd4 12. Bxh7+ Kxh7 13. Qxd4 c5 14. Qd3+ Kg8 15. Nxh5 Nxh5 16. Qxd5 Qxd5 17. Nxd5 Rfd8 18. c4 b5 19. b3 bxc4 20. bxc4 Rab8 21. Rab1 a5 22. a4 g6 23. Rbd1 Ng7 24. Ne7+ Kf8 25. Nc6 Rxd1 26. Rxd1 Ra8 27. Rd5 Ne6 28. Kf2 Ra6 29. Nb8 Rb6 30. Nd7+ 1-0


[Site "https://www.chess.com"]

[Event "Titled Tuesday Blitz August 08 Early 2023"]
[White "Schut, Han"]
[Black "Saim, Mohamed Ilias"]
[WhiteFideId "1005561"]
[BlackFideId "7900465"]
[WhiteElo "2246"]
[BlackElo "1977"]
[Result "0-1"]
[Round "4"]
[TimeControl "180+1"]
[Date "2023.08.08"]
[WhiteClock "0:00:00"]
[BlackClock "0:00:09"]
[Board "258"]

1. e4 c6 2. d4 d5 3. exd5 cxd5 4. c4 Nf6 5. Nc3 Nc6 6. Nf3 g6 7. cxd5 Nxd5 8. Qb3 Nxc3 9. Bc4 e6 10. bxc3 Bg7 11. Ba3 Bd7 12. Qd1 Qa5 13. Bb2 O-O 14. O-O Rac8 15. Bb3 Qc7 16. c4 Na5 17. Rc1 b6 18. Qd2 Rfd8 19. Rfd1 Bc6 20. Qe3 Ba8 21. Ba1 h5 22. h3 Kh7 23. Ng5+ Kg8 24. f4 Qc6 25. Nf3 Bh6 26. Rc2 Qd6 27. Ne5 Qxe5 28. dxe5 Rxd1+ 29. Kh2 Rxa1 30. c5 Rf1 31. Rf2 Rxf2 32. Qxf2 Rxc5 33. g4 Nxb3 34. axb3 hxg4 35. hxg4 Bd5 36. Qh4 Bg7 37. Qd8+ Kh7 38. Qh4+ Kg8 39. Qd8+ Bf8 40. b4 Rc2+ 41. Kg3 Rb2 42. f5 Rb3+ 43. Kh4 gxf5 44. gxf5 Rxb4+ 45. Kg5 Rb1 46. fxe6 Bxe6 47. Kf4 Rf1+ 48. Ke3 Rh1 49. Qg5+ Bg7 50. Qd8+ Kh7 51. Qe7 Rh3+ 52. Kf2 a5 53. Qd6 Rh5 54. Qxb6 Rxe5 55. Qb1+ Rf5+ 56. Kg3 Kg6 57. Qb6 Bf6 0-1


[Site "https://www.chess.com"]

[Event "Titled Tuesday Blitz August 08 Early 2023"]
[White "Kula, Robert"]
[Black "abelmat"]
[WhiteFideId "1101218"]
[WhiteElo "2237"]
[BlackElo "1918"]
[Result "1-0"]
[Round "4"]
[TimeControl "180+1"]
[Date "2023.08.08"]
[WhiteClock "0:00:36"]
[BlackClock "0:00:00"]
[Board "259"]

1. e4 e6 2. d4 d5 3. exd5 exd5 4. Bd3 Nf6 5. Nf3 Bd6 6. O-O O-O 7. Bg5 Bg4 8. h3 Bh5 9. Re1 Nbd7 10. g4 Bg6 11. Bxg6 hxg6 12. Ne5 c5 13. c3 cxd4 14. cxd4 Qb6 15. Nc3 Qxb2 16. Nxd7 Qxc3 17. Re3 Qc7 18. Nxf6+ gxf6 19. Bxf6 Rfe8 20. Rc1 Bh2+ 21. Kg2 Qd6 22. Qf3 Bf4 23. Be5 Bxe5 24. dxe5 Rxe5 25. Rd3 Rae8 26. Rcd1 Qe6 27. Rxd5 Rxd5 28. Rxd5 b6 29. a3 a5 30. Rd3 Qe4 31. Rb3 Qxf3+ 32. Kxf3 Re6 33. Rb5 Kg7 34. g5 f6 35. h4 fxg5 36. hxg5 Rc6 37. Kg4 Kf7 38. f4 Kg7 39. Re5 Rc3 40. Re7+ Kf8 41. Re6 Rxa3 42. Rxg6 Rb3 43. Rc6 a4 44. f5 a3 45. Rc8+ Ke7 46. Rc7+ Kd6 47. Ra7 1-0


[Site "https://www.chess.com"]

[Event "Titled Tuesday Blitz August 08 Early 2023"]
[White "Castillo Pena, Patricia Evarista"]
[Black "Sarkar, Justin"]
[WhiteFideId "6412106"]
[BlackFideId "2010011"]
[WhiteElo "1937"]
[BlackElo "2231"]
[Result "0-1"]
[Round "4"]
[TimeControl "180+1"]
[Date "2023.08.08"]
[WhiteClock "0:00:16"]
[BlackClock "0:01:06"]
[Board "260"]

1. d4 Nf6 2. Nf3 c5 3. e3 b6 4. Bd3 Bb7 5. Nbd2 g6 6. O-O Bg7 7. c4 O-O 8. Qe2 cxd4 9. exd4 d5 10. Ne5 dxc4 11. Ndxc4 Qxd4 12. Be3 Qd5 13. f3 Nbd7 14. Nxd7 Qxd7 15. Rfd1 Qe6 16. Qf2 Rfd8 17. Rac1 Rac8 18. b3 Nd5 19. Bg5 Nc3 20. Re1 Qd5 21. Be3 Qxd3 0-1


[Site "https://www.chess.com"]

[Event "Titled Tuesday Blitz August 08 Early 2023"]
[White "Verony64"]
[Black "Zaichenko, Daria"]
[BlackFideId "4197453"]
[WhiteElo "1897"]
[BlackElo "2229"]
[Result "0-1"]
[Round "4"]
[TimeControl "180+1"]
[Date "2023.08.08"]
[WhiteClock "0:00:09"]
[BlackClock "0:00:13"]
[Board "261"]

1. e4 c5 2. Nc3 Nc6 3. d3 g6 4. g3 Bg7 5. Bg2 e6 6. Nge2 f5 7. O-O Nge7 8. f4 d5 9. e5 d4 10. Nb1 Nd5 11. c4 dxc3 12. bxc3 Qb6 13. Qc2 Bd7 14. Na3 Na5 15. Rb1 Qa6 16. Rd1 O-O 17. Nc4 Nxc4 18. dxc4 Qxc4 19. Rxb7 Bc6 20. Rb1 Nb4 21. Qb2 Bxg2 22. Kxg2 Qe4+ 23. Kg1 Rab8 24. cxb4 Rxb4 25. Qc3 Rxb1 26. Re1 c4 27. Kf2 Qd3 28. Bd2 Rxe1 29. Bxe1 Qxc3 30. Bxc3 Rd8 31. Nd4 Kf7 32. Ke3 Rb8 33. Nc6 Rb6 34. Nxa7 Ra6 35. Nb5 Rxa2 36. Nd6+ Ke7 37. Bb4 Kd7 38. h4 Rc2 39. Kd4 Bf8 40. Bc5 Bxd6 41. Bxd6 Rc1 42. Bb4 Kc6 43. h5 Kb5 44. Bc3 Rd1+ 45. Ke3 Rd3+ 46. Ke2 Rxc3 47. hxg6 hxg6 48. g4 fxg4 49. Kd2 Rd3+ 50. Ke2 g3 51. f5 gxf5 0-1


[Site "https://www.chess.com"]

[Event "Titled Tuesday Blitz August 08 Early 2023"]
[White "Joshi, Pankaj"]
[Black "Skiadopoulos, Nikolaos"]
[WhiteFideId "5006210"]
[BlackFideId "4200772"]
[WhiteElo "2228"]
[BlackElo "1878"]
[Result "1/2-1/2"]
[Round "4"]
[TimeControl "180+1"]
[Date "2023.08.08"]
[WhiteClock "0:01:05"]
[BlackClock "0:01:01"]
[Board "262"]

1. e4 c5 2. c3 Nf6 3. e5 Nd5 4. d4 cxd4 5. cxd4 g6 6. Nc3 Nxc3 7. bxc3 Bg7 8. Nf3 O-O 9. Be3 d6 10. exd6 Qxd6 11. Bd3 Nc6 12. O-O Bg4 13. h3 Bxf3 14. Qxf3 Rac8 15. Bf4 Qa3 16. Be4 Na5 17. Bxb7 Rxc3 18. Qd5 Nxb7 19. Qxb7 Bxd4 20. Bh6 Bg7 21. Bxg7 Kxg7 22. Qd7 Kg8 23. Rfe1 e6 24. Rab1 Qxa2 25. Rb7 Qd5 26. Qxd5 exd5 27. Rxa7 d4 28. Rd1 Rd8 29. Ra4 d3 30. Ra2 Kg7 31. Rad2 f5 32. f3 Kf6 33. f4 Rd4 34. g3 h6 35. Kf2 g5 36. fxg5+ hxg5 37. Ke3 Re4+ 38. Kf3 Rd4 39. Ke3 Re4+ 40. Kf3 Rd4 41. Ke3 1/2-1/2


[Site "https://www.chess.com"]

[Event "Titled Tuesday Blitz August 08 Early 2023"]
[White "Tabatabaei, M. Amin"]
[Black "Carlsen, Magnus"]
[WhiteFideId "12521213"]
[BlackFideId "1503014"]
[WhiteElo "3006"]
[BlackElo "3256"]
[Result "1-0"]
[Round "5"]
[TimeControl "180+1"]
[Date "2023.08.08"]
[WhiteClock "0:00:04"]
[BlackClock "0:00:04"]
[Board "1"]

1. d4 Nc6 2. Nf3 Nf6 3. c4 e5 4. dxe5 Ne4 5. Nbd2 Nc5 6. g3 d6 7. exd6 Qxd6 8. Bg2 Bf5 9. O-O O-O-O 10. a3 Qf6 11. Qe1 h5 12. Nh4 Bc2 13. Ra2 Nb3 14. Ne4 Qe6 15. Ng5 Qe8 16. Be3 f6 17. Bh3+ Kb8 18. Ne6 g5 19. Qc3 Be4 20. Nxd8 Qxd8 21. Qxb3 gxh4 22. Rd1 Qe7 23. Rd7 Qe8 24. Bf4 Ne5 25. Bxe5 fxe5 26. Ra1 hxg3 27. hxg3 h4 28. Rad1 Bd6 29. c5 hxg3 30. cxd6 Qxd7 31. dxc7+ Qxc7 32. Qxg3 a6 33. Bg2 Bxg2 34. Qxg2 Ka8 35. Qe4 Qb6 36. b4 Qh6 37. Rd3 Qh2+ 38. Kf1 Rf8 39. Qg2 Qf4 40. Ke1 Qc1+ 41. Rd1 Qxa3 42. Qe4 Qc3+ 43. Kf1 Qh3+ 44. Ke1 Rg8 45. Rd3 Qe6 46. Rg3 Rc8 47. Rg6 Qa2 48. Kf1 Qa1+ 49. Kg2 Qb2 50. e3 Rf8 51. Kh3 Qxf2 52. Rxa6+ Kb8 53. Qxe5+ Kc8 54. Ra8+ Kd7 55. Qd5+ Kc7 56. Qc5+ Kd7 57. Rxf8 Qxf8 58. Qxf8 1-0


[Site "https://www.chess.com"]

[Event "Titled Tuesday Blitz August 08 Early 2023"]
[White "Caruana, Fabiano"]
[Black "Alekseev, Evgeny"]
[WhiteFideId "2020009"]
[BlackFideId "4138147"]
[WhiteElo "3095"]
[BlackElo "2955"]
[Result "1-0"]
[Round "5"]
[TimeControl "180+1"]
[Date "2023.08.08"]
[WhiteClock "0:00:06"]
[BlackClock "0:00:00"]
[Board "2"]

1. d4 Nf6 2. c4 e6 3. Nf3 d5 4. g3 Bb4+ 5. Bd2 Be7 6. Bg2 O-O 7. O-O c6 8. Qc2 Nbd7 9. Rd1 b6 10. a4 a5 11. Bf4 Bb7 12. Nc3 Rc8 13. e4 dxc4 14. Nd2 Ba6 15. Re1 h6 16. Rad1 Re8 17. Nf3 Nf8 18. Ne5 Bb4 19. h4 b5 20. g4 N6d7 21. Nxd7 Qxd7 22. e5 Ng6 23. Bg3 Ne7 24. Ne4 Bxe1 25. Rxe1 Nd5 26. Nd6 b4 27. g5 h5 28. g6 Rf8 29. Bh3 c3 30. bxc3 bxc3 31. gxf7+ Rxf7 32. Qg6 Re7 33. Qxh5 Rf8 34. Qg5 Bd3 35. h5 c2 36. Rc1 Nc3 37. Kh2 Ne2 38. Re1 Nxd4 39. Bg4 Nb3 40. Qe3 c1=Q 41. Rxc1 Nxc1 42. Qxc1 Bf5 43. Bf3 Qa7 44. Qg5 Rc7 45. h6 Qd4 46. Bh5 Qb2 47. Ne8 Rxe8 48. Bxe8 Qe2 49. Qd8 1-0


[Site "https://www.chess.com"]

[Event "Titled Tuesday Blitz August 08 Early 2023"]
[White "Fedoseev, Vladimir"]
[Black "Zakhartsov, Vladimir"]
[WhiteFideId "24130737"]
[BlackFideId "4145097"]
[WhiteElo "3089"]
[BlackElo "2917"]
[Result "1-0"]
[Round "5"]
[TimeControl "180+1"]
[Date "2023.08.08"]
[WhiteClock "0:00:25"]
[BlackClock "0:00:00"]
[Board "3"]

1. Nf3 d5 2. g3 Nd7 3. Bg2 e5 4. d3 Ngf6 5. O-O c6 6. Nc3 Bd6 7. e4 O-O 8. Nh4 dxe4 9. Nf5 Bc7 10. dxe4 Nc5 11. Qf3 Ne6 12. Ne2 Nc5 13. Nc3 Ne6 14. Rd1 Nd4 15. Nxd4 exd4 16. h3 h6 17. Bf4 c5 18. Nb5 Bxf4 19. Qxf4 Bd7 20. Nd6 Bc6 21. c3 Qb6 22. cxd4 cxd4 23. b3 Rad8 24. e5 Bxg2 25. Kxg2 Nh7 26. Qxd4 Qa6 27. h4 Rfe8 28. Qf4 Re7 29. Nf5 Red7 30. Rxd7 Rxd7 31. Rc1 b6 32. Nd6 Nf8 33. Qf5 g6 34. Qf4 Qa5 35. Rc8 Qd5+ 36. Kh2 Kg7 37. Qf6+ Kg8 38. Rxf8+ Kxf8 39. Qh8+ 1-0


[Site "https://www.chess.com"]

[Event "Titled Tuesday Blitz August 08 Early 2023"]
[White "Erigaisi Arjun"]
[Black "Jones, Gawain C B"]
[WhiteFideId "35009192"]
[BlackFideId "409561"]
[WhiteElo "3082"]
[BlackElo "2908"]
[Result "1-0"]
[Round "5"]
[TimeControl "180+1"]
[Date "2023.08.08"]
[WhiteClock "0:02:07"]
[BlackClock "0:00:21"]
[Board "4"]

1. b3 e5 2. e3 d5 3. g3 Nc6 4. Bb2 Be6 5. Bg2 Bd6 6. d3 Qd7 7. Nd2 Nf6 8. a3 a5 9. h3 h5 10. Ngf3 Bf5 11. Ng5 Ne7 12. Qe2 h4 13. g4 Bg6 14. O-O O-O-O 15. c4 Kb8 16. b4 axb4 17. axb4 Bxb4 18. Bxe5 Nc6 19. Ndf3 dxc4 20. Qa2 Ba5 21. Nd4 Nxd4 22. Qxa5 Ne2+ 23. Kh1 1-0


[Site "https://www.chess.com"]

[Event "Titled Tuesday Blitz August 08 Early 2023"]
[White "Pranesh M"]
[Black "Aravindh, Chithambaram VR."]
[WhiteFideId "35028600"]
[BlackFideId "5072786"]
[WhiteElo "3051"]
[BlackElo "2897"]
[Result "1-0"]
[Round "5"]
[TimeControl "180+1"]
[Date "2023.08.08"]
[WhiteClock "0:01:02"]
[BlackClock "0:00:00"]
[Board "5"]

1. e4 c6 2. d4 d5 3. e5 c5 4. dxc5 Nc6 5. Nf3 Bg4 6. c3 e6 7. Be3 Nge7 8. Bd4 Nf5 9. Nbd2 f6 10. h3 Bxf3 11. Nxf3 Nfxd4 12. Nxd4 Nxd4 13. Qxd4 Qc7 14. exf6 Bxc5 15. Qa4+ Kf7 16. fxg7 Rhg8 17. Be2 Rxg7 18. g4 Kg8 19. O-O-O Bxf2 20. Rhf1 Rf8 21. Kb1 a6 22. Qc2 Qg3 23. c4 Qxh3 24. cxd5 exd5 25. Rxd5 Qe3 26. Bc4 Kh8 27. Rf5 1-0


[Site "https://www.chess.com"]

[Event "Titled Tuesday Blitz August 08 Early 2023"]
[White "Galchenko, Matvey"]
[Black "Lazavik, Denis"]
[WhiteFideId "24175480"]
[BlackFideId "13515110"]
[WhiteElo "2884"]
[BlackElo "3046"]
[Result "1/2-1/2"]
[Round "5"]
[TimeControl "180+1"]
[Date "2023.08.08"]
[WhiteClock "0:00:46"]
[BlackClock "0:00:32"]
[Board "6"]

1. e4 c5 2. c3 Nf6 3. e5 Nd5 4. Nf3 d6 5. Bc4 Nb6 6. Bb3 c4 7. Bc2 dxe5 8. Nxe5 Qd5 9. Qe2 Qxg2 10. Be4 Qh3 11. Nxc4 Nxc4 12. Qxc4 Qd7 13. d4 e6 14. Be3 b5 15. Qd3 Bb7 16. Nd2 a6 17. Rg1 Nc6 18. O-O-O Na5 19. Kb1 Rc8 20. Nf3 Bxe4 21. Qxe4 Qd5 22. Qxd5 exd5 23. Rg5 Rd8 24. Bf4 f6 25. Rgg1 Rd7 26. Ne1 Kf7 27. Nd3 Be7 28. Rg3 Re8 29. h4 Bf8 30. h5 Nc6 31. Be3 Re4 32. a3 Bd6 33. Rh3 Ne7 34. Rg1 Nf5 35. Bc1 Rde7 36. Rf3 Nh4 37. Rh3 Nf5 38. Rf3 Nh4 39. Rh3 Nf5 1/2-1/2


[Site "https://www.chess.com"]

[Event "Titled Tuesday Blitz August 08 Early 2023"]
[White "Grischuk, Alexander"]
[Black "Bernadskiy, Vitaliy"]
[WhiteFideId "4126025"]
[BlackFideId "14100371"]
[WhiteElo "3035"]
[BlackElo "2879"]
[Result "1-0"]
[Round "5"]
[TimeControl "180+1"]
[Date "2023.08.08"]
[WhiteClock "0:00:03"]
[BlackClock "0:00:00"]
[Board "7"]

1. d4 Nf6 2. Nf3 e6 3. c4 b6 4. g3 Ba6 5. b3 Bb4+ 6. Bd2 Be7 7. Bg2 d5 8. cxd5 exd5 9. O-O O-O 10. Nc3 Re8 11. Rc1 Bb7 12. Bf4 c6 13. Ne5 Nbd7 14. Rc2 h6 15. h4 Bb4 16. Qd3 Nxe5 17. Bxe5 Nd7 18. Bf4 Nf6 19. Be5 Nd7 20. Bf4 Nf6 21. Bf3 Qd7 22. Kg2 Ne4 23. Nb1 a5 24. a3 Bd6 25. Bxd6 Qxd6 26. Rfc1 Re7 27. a4 Rae8 28. Nc3 Qb4 29. Na2 Qa3 30. Rb1 Re6 31. Nc3 Qb4 32. Na2 Qa3 33. Nc3 Qe7 34. Nd1 Qd6 35. Rcb2 Qb4 36. Qc2 Bc8 37. e3 Bd7 38. Qe2 Qe7 39. Rc1 Rf6 40. b4 axb4 41. Rcb1 c5 42. dxc5 bxc5 43. a5 g5 44. hxg5 hxg5 45. a6 Qe6 46. Kg1 Qxa6 47. Qxa6 Rxa6 48. Rc1 Ra5 49. Rbc2 Be6 50. Bxe4 dxe4 51. Rxc5 Rxc5 52. Rxc5 Rd8 53. Nb2 Rd2 54. Na4 1-0


[Site "https://www.chess.com"]

[Event "Titled Tuesday Blitz August 08 Early 2023"]
[White "Remizov, Yaroslav"]
[Black "Paravyan, David"]
[WhiteFideId "34134015"]
[BlackFideId "4194985"]
[WhiteElo "2823"]
[BlackElo "3033"]
[Result "0-1"]
[Round "5"]
[TimeControl "180+1"]
[Date "2023.08.08"]
[WhiteClock "0:00:02"]
[BlackClock "0:00:18"]
[Board "8"]

1. e4 e5 2. Nf3 Nf6 3. Nxe5 d6 4. Nf3 Nxe4 5. d3 Nf6 6. d4 d5 7. Bd3 Bd6 8. Qe2+ Be7 9. O-O O-O 10. h3 Bd6 11. Bg5 h6 12. Bh4 g5 13. Bg3 Nc6 14. c3 Nh5 15. Ne5 Nxg3 16. fxg3 Bxe5 17. dxe5 Qe7 18. Qh5 Nxe5 19. Bc2 Bd7 20. Qxh6 f6 21. Nd2 Qg7 22. Qh5 Rae8 23. Nf3 Qh8 24. Qxh8+ Kxh8 25. Nxe5 fxe5 26. h4 Kg7 27. hxg5 e4 28. Rf4 Kg6 29. Raf1 Rf5 30. Kf2 Kxg5 31. Ke3 c5 32. Bd1 Rh8 33. Bb3 c4 34. Bd1 Rh2 35. Rg1 Be6 36. Be2 b5 37. a3 a5 38. Rg4+ Kf6 39. Rh4 Rxh4 40. gxh4 Ke5 41. h5 b4 42. axb4 axb4 43. g4 Rf8 44. g5 bxc3 45. bxc3 Rb8 46. h6 Rb3 47. Kd2 e3+ 48. Kc2 Bf5+ 0-1


[Site "https://www.chess.com"]

[Event "Titled Tuesday Blitz August 08 Early 2023"]
[White "Aronian, Levon"]
[Black "Jaracz, Pawel"]
[WhiteFideId "13300474"]
[BlackFideId "1102222"]
[WhiteElo "3032"]
[BlackElo "2747"]
[Result "1-0"]
[Round "5"]
[TimeControl "180+1"]
[Date "2023.08.08"]
[WhiteClock "0:00:27"]
[BlackClock "0:00:30"]
[Board "9"]

1. e4 c5 2. Nf3 e6 3. g3 b6 4. Bg2 Bb7 5. Nc3 Be7 6. d4 cxd4 7. Nxd4 a6 8. O-O Nc6 9. Nxc6 Bxc6 10. Nd5 Nf6 11. Nxe7 Qxe7 12. Re1 O-O 13. a4 e5 14. b3 b5 15. Qd2 Rfb8 16. Bb2 Qe6 17. axb5 axb5 18. Qc3 Rxa1 19. Bxa1 Re8 20. Qc5 h5 21. f3 h4 22. g4 Nh7 23. Rd1 f6 24. Bc3 Qf7 25. Be1 g5 26. Bf1 Rb8 27. c4 Nf8 28. cxb5 Ne6 29. Qd6 Rxb5 30. Bxb5 Bxb5 31. Qb8+ 1-0


[Site "https://www.chess.com"]

[Event "Titled Tuesday Blitz August 08 Early 2023"]
[White "Alex_Sahakyan2006"]
[Black "Martinez Alcantara, Jose Eduardo"]
[BlackFideId "3805662"]
[WhiteElo "2721"]
[BlackElo "3024"]
[Result "0-1"]
[Round "5"]
[TimeControl "180+1"]
[Date "2023.08.08"]
[WhiteClock "0:00:06"]
[BlackClock "0:01:04"]
[Board "10"]

1. d4 Nf6 2. c4 e6 3. Nf3 Bb4+ 4. Bd2 c5 5. Bxb4 cxb4 6. g3 a5 7. Bg2 O-O 8. O-O d6 9. a3 Na6 10. Qd3 b6 11. Ne1 Rb8 12. Nc2 bxa3 13. Rxa3 d5 14. Nc3 Nb4 15. Qd2 dxc4 16. Nb5 Bd7 17. Nxb4 Bxb5 18. Nc6 Bxc6 19. Bxc6 Qd6 20. Bf3 Rfd8 21. Rd1 Nd5 22. Raa1 Rbc8 23. e3 h6 24. Rac1 Nb4 25. Be4 b5 26. Qe2 a4 27. Qh5 Nd5 28. Bb1 a3 29. bxa3 Qxa3 30. Re1 b4 31. g4 Nf6 32. Qb5 c3 33. g5 hxg5 34. Qxg5 b3 35. Bd3 c2 36. e4 b2 37. Rxc2 Qxd3 38. Rxc8 Rxc8 39. e5 b1=Q 40. exf6 Qxe1+ 0-1


[Site "https://www.chess.com"]

[Event "Titled Tuesday Blitz August 08 Early 2023"]
[White "Pranav Anand"]
[Black "Firouzja, Alireza"]
[WhiteFideId "46626786"]
[BlackFideId "12573981"]
[WhiteElo "2867"]
[BlackElo "3091"]
[Result "0-1"]
[Round "5"]
[TimeControl "180+1"]
[Date "2023.08.08"]
[WhiteClock "0:00:02"]
[BlackClock "0:00:14"]
[Board "11"]

1. Nf3 Nf6 2. c4 g6 3. g3 Bg7 4. Bg2 O-O 5. O-O d6 6. Nc3 e5 7. d3 Nc6 8. Bg5 h6 9. Bxf6 Bxf6 10. Rb1 a5 11. a3 Bg7 12. Nd2 Nd4 13. e3 Ne6 14. b4 axb4 15. axb4 c6 16. Qc2 f5 17. b5 Bd7 18. bxc6 bxc6 19. Rb7 Nc5 20. Rb4 Ra3 21. Ndb1 Ra1 22. Rd1 Qa5 23. Qb2 e4 24. d4 Nd3 25. Rxd3 exd3 26. Bf1 c5 27. Rb7 Rf7 28. Bxd3 cxd4 29. exd4 Bxd4 30. c5 Bxc3 31. Qb3 Kg7 32. c6 Be8 33. Bc4 Bd4 34. Qd1 Bxf2+ 35. Kxf2 Qc5+ 36. Ke2 Qxc4+ 0-1


[Site "https://www.chess.com"]

[Event "Titled Tuesday Blitz August 08 Early 2023"]
[White "Andreikin, Dmitry"]
[Black "Yeletsky, Ivan"]
[WhiteFideId "4158814"]
[BlackFideId "24180327"]
[WhiteElo "2997"]
[BlackElo "2861"]
[Result "1/2-1/2"]
[Round "5"]
[TimeControl "180+1"]
[Date "2023.08.08"]
[WhiteClock "0:00:05"]
[BlackClock "0:00:05"]
[Board "12"]

1. d4 Nf6 2. c4 e6 3. Nf3 b6 4. g3 Ba6 5. Nbd2 Bb7 6. Bg2 Be7 7. O-O O-O 8. b3 c5 9. Bb2 cxd4 10. Nxd4 Bxg2 11. Kxg2 Nc6 12. Nxc6 dxc6 13. Qc2 Qc7 14. Nf3 a5 15. Ng5 h6 16. Bxf6 hxg5 17. Bxe7 Qxe7 18. h4 f5 19. Rh1 g4 20. h5 Qf6 21. c5 bxc5 22. Qxc5 f4 23. gxf4 Qxf4 24. Qe3 Qxe3 25. fxe3 a4 26. Kg3 Rfb8 27. Rab1 Rb4 28. Rhc1 Re4 29. Rc3 axb3 30. axb3 Ra2 31. Kf2 Ra5 32. Rxc6 Rxh5 33. b4 Rh2+ 34. Kg3 Rh3+ 35. Kf2 Rhxe3 36. Rb2 Rh3 37. b5 Rh2+ 38. Kg3 Rhxe2 39. Rxe2 Rxe2 40. b6 Kf7 41. Kxg4 Rb2 42. Rc7+ Kf6 43. b7 Rb4+ 44. Kf3 g5 45. Ke3 g4 46. Rc4 Rb3+ 47. Kf4 g3 48. Rc3 Rxb7 49. Kxg3 Ke5 50. Kf2 Kd4 51. Ra3 Rb2+ 52. Ke1 Rc2 53. Kd1 Rh2 54. Ke1 e5 55. Ra4+ Ke3 56. Ra3+ Kf4 57. Ra4+ e4 58. Ra3 Rc2 59. Rb3 Rh2 60. Ra3 Rc2 61. Rb3 Rh2 62. Ra3 1/2-1/2


[Site "https://www.chess.com"]